[ AOE2 MATCH · #504833243 ]
UnrankedSicilians vs Mongols
Player's team · WIN
Rival team · LOSS
[ REPLAY ANALYSIS · EXTRACTED FROM THE RECORDED GAME ]
Feudal
18:46
Castle
—
Imperial
—
| APM avg | 42.2 |
| APM peak | 99 |
| eAPM avg | 26.7 |
| Villagers / military | 38 / 2 |
Focus
⚔️ 25.2% · 🌾 74.8%
Serjeant ×2
Feudal
10:01
Castle
—
Imperial
—
| APM avg | 39.2 |
| APM peak | 73 |
| eAPM avg | 19.2 |
| Villagers / military | 45 / 17 |
Focus
⚔️ 18.3% · 🌾 81.7%
Archer ×17
Match map
Initial resources + every placement click. Lines = walls · curves = elevation contours. ◆ gold · ⬟ stone · ● berries · ✦ relic · ◌ wall gap
Your base· ✓ Closed at 12:00 · 1t walls · 3 gate(s)
hawara's base· ✓ Closed at 12:00 · 0t walls · 2 gate(s)
Smoothed initial terrain · ◌ = detected wall gap · hover for details
Inputs per minute
— Papapishu8352 - - hawara
Build order — Papapishu8352
67 actions detected in the replay
| 0:00 | Queue | Villager (Male) |
| 0:01 | Queue | Villager (Male) |
| 0:02 | Build | House |
| 0:04 | Build | House |
| 0:36 | Queue | Villager (Male) |
| 0:36 | Queue | Villager (Male) |
| 1:36 | Queue | Villager (Male) |
| 1:37 | Queue | Villager (Male) |
| 2:03 | Queue | Villager (Male) |
| 2:04 | Queue | Villager (Male) |
| 2:04 | Queue | Villager (Male) |
| 2:37 | Build | Lumber Camp |
| 2:51 | Queue | Villager (Male) |
| 3:11 | Queue | Villager (Male) |
| 3:23 | Queue | Villager (Male) |
| 3:24 | Queue | Villager (Male) |
| 3:26 | Build | House |
| 3:30 | Build | House |
| 3:55 | Queue | Villager (Male) |
| 3:56 | Queue | Villager (Male) |
| 4:22 | Queue | Villager (Male) |
| 4:22 | Queue | Villager (Male) |
| 4:25 | Queue | Villager (Male) |
| 4:25 | Queue | Villager (Male) |
| 4:26 | Queue | Villager (Male) |
| 4:26 | Queue | Villager (Male) |
| 5:03 | Research | Loom |
| 5:03 | Queue | Villager (Male) |
| 6:08 | Queue | Villager (Male) |
| 6:09 | Queue | Villager (Male) |
| 6:36 | Queue | Villager (Male) |
| 7:16 | Queue | Villager (Male) |
| 7:35 | Build | Mill |
| 8:40 | Build | Town Center |
| 9:11 | Build | Palisade Wall |
| 9:35 | Queue | Villager (Male) |
| 10:01 | Queue | Villager (Male) |
| 10:10 | Queue | Villager (Male) |
| 10:50 | Queue | Villager (Male) |
| 11:57 | Queue | Villager (Male) |
| 12:26 | Queue | Villager (Male) |
| 12:29 | Build | House |
| 14:34 | Build | Town Center |
| 15:01 | Build | Town Center |
| 16:36 | Research | Feudal Age |
| 17:59 | Build | Mining Camp |
| 18:19 | Queue | Villager (Male) |
| 18:46 | Age | Feudal Age |
| 18:54 | Build | Town Center |
| 19:46 | Queue | Villager (Male) |
| 19:55 | Research | Double-Bit Axe |
| 19:58 | Queue | Villager (Male) |
| 21:30 | Build | Donjon |
| 21:33 | Build | Palisade Wall |
| 21:44 | Build | Donjon |
| 21:55 | Queue | Villager (Male) |
| 21:57 | Queue | Villager (Male) |
| 22:24 | Build | Market |
| 22:40 | Build | House |
| 22:47 | Queue | Serjeant |
| 22:53 | Build | Farm |
| 23:02 | Build | House |
| 23:43 | Build | Town Center |
| 24:51 | Queue | Serjeant |
| 24:57 | Queue | Villager (Male) |
| 25:18 | Build | Donjon |
| 26:09 | Build | Lumber Camp |
Build order — hawara
78 actions detected in the replay
| 0:00 | Queue | Villager (Male) |
| 0:01 | Queue | Villager (Male) |
| 0:01 | Queue | Villager (Male) |
| 0:02 | Build | House |
| 0:04 | Build | House |
| 0:23 | Queue | Villager (Male) |
| 0:23 | Queue | Villager (Male) |
| 1:31 | Queue | Villager (Male) |
| 1:31 | Queue | Villager (Male) |
| 1:46 | Build | Lumber Camp |
| 2:10 | Queue | Villager (Male) |
| 2:10 | Queue | Villager (Male) |
| 2:26 | Queue | Villager (Male) |
| 2:26 | Queue | Villager (Male) |
| 2:46 | Queue | Villager (Male) |
| 2:46 | Queue | Villager (Male) |
| 3:05 | Queue | Villager (Male) |
| 3:05 | Queue | Villager (Male) |
| 3:55 | Build | House |
| 3:58 | Build | House |
| 4:06 | Queue | Villager (Male) |
| 4:07 | Queue | Villager (Male) |
| 4:38 | Queue | Villager (Male) |
| 4:45 | Build | Mill |
| 5:21 | Queue | Villager (Male) |
| 5:21 | Queue | Villager (Male) |
| 5:21 | Queue | Villager (Male) |
| 5:21 | Queue | Villager (Male) |
| 5:22 | Queue | Villager (Male) |
| 5:52 | Queue | Villager (Male) |
| 5:52 | Queue | Villager (Male) |
| 5:52 | Queue | Villager (Male) |
| 5:53 | Queue | Villager (Male) |
| 7:04 | Build | House |
| 7:11 | Build | Barracks |
| 7:12 | Build | House |
| 7:21 | Research | Loom |
| 7:23 | Research | Feudal Age |
| 7:36 | Build | House |
| 8:02 | Build | Mining Camp |
| 8:28 | Build | House |
| 8:33 | Build | House |
| 9:51 | Queue | Villager (Male) |
| 9:52 | Queue | Villager (Male) |
| 10:01 | Age | Feudal Age |
| 10:07 | Build | Stable |
| 10:16 | Build | Archery Range |
| 10:28 | Queue | Villager (Male) |
| 10:28 | Queue | Villager (Male) |
| 11:12 | Queue | Villager (Male) |
| 11:44 | Build | Mining Camp |
| 11:53 | Queue | Villager (Male) |
| 12:13 | Queue | Archer |
| 13:28 | Queue | Archer |
| 13:28 | Queue | Archer |
| 14:33 | Build | Market |
| 15:06 | Queue | Archer ×5 |
| 15:45 | Build | Town Center |
| 17:18 | Queue | Villager (Male) |
| 17:19 | Queue | Villager (Male) |
| 17:19 | Queue | Villager (Male) |
| 17:34 | Research | Double-Bit Axe |
| 18:12 | Build | Blacksmith |
| 18:25 | Queue | Villager (Male) |
| 18:25 | Queue | Villager (Male) |
| 19:29 | Build | Lumber Camp |
| 19:58 | Build | Archery Range |
| 20:41 | Queue | Archer ×4 |
| 21:56 | Build | Town Center |
| 22:17 | Research | Fletching |
| 22:21 | Queue | Archer ×5 |
| 23:03 | Queue | Villager (Male) |
| 23:03 | Queue | Villager (Male) |
| 25:04 | Queue | Villager (Male) |
| 25:05 | Queue | Villager (Male) |
| 25:05 | Queue | Villager (Male) |
| 25:58 | Queue | Villager (Male) |
| 25:59 | Queue | Villager (Male) |
Match timeline
| 7:11 | hawara · first_building Barracks |
| 9:11 | Papapishu8352 · wall_segment Palisade Wall x1 |
| 10:01 | hawara · age_up feudal |
| 10:07 | hawara · first_building Stable |
| 10:16 | hawara · first_building Archery Range |
| 16:18 | hawara · first_market_sell 100 food |
| 18:46 | Papapishu8352 · age_up feudal |
| 21:30 | Papapishu8352 · first_building Donjon |
| 21:33 | Papapishu8352 · wall_segment Palisade Wall x1 |
| 24:48 | Papapishu8352 · first_market_buy 100 food |
| 26:41 | hawara · resign |
[ AI ANALYSIS · 1 CREDIT ]
What really happened in this match?
Wolo.gg analyzes every decision: build order, eco, micro, common mistakes by bracket. Personalized analysis on WhatsApp or Discord in 30 seconds.
Civ guide
Sicilians
Perfil
Papapishu8352